[Event "*** SCC Grand Prix: Titled Tuesday Blitz"]
[Site "Chess.com"]
[Date "2020.10.06"]
[Round "6"]
[White "DonBroca"]
[Black "GustavoJuarezF"]
[Result "1-0"]
[WhiteElo "2176"]
[BlackElo "2029"]
[TimeControl "180+1"]
[EndTime "11:08:32 PDT"]
[Termination "DonBroca won on time"]

1. e4 c5 2. Nf3 Nc6 3. d4 cxd4 4. Nxd4 Nf6 5. Nc3 e5 6. Ndb5 d6 7. Nd5 Nxd5 8. exd5 Nb8 9. Be2 Be7 10. O-O O-O 11. Be3 a6 12. Na3 b5 13. c4 b4 14. Nc2 a5 15. Ne1 Nd7 16. a3 bxa3 17. Rxa3 Qc7 18. b4 Bb7 19. b5 Nc5 20. Nd3 f5 21.
Nxc5 dxc5 22. Bd2 Ra7 23. Qa4 Rfa8 24. Rfa1 Bd8 25. Qb3 Qd6 26. R3a2 g6 27. Bc1 Bc7 28. Ba3 e4 29. g3 f4 30. gxf4 Qxf4 31. Qg3 Qf7 32.
Qg2 Be5 33. Rd1 Bd4 34. Bg4 Bc8 35. Bxc8 Rxc8 36. Bb2 e3 37. Bxd4 cxd4 38. Rxd4 exf2+ 39. Qxf2 Qe7 40. d6 Qe5 41. Rad2 Rf8 42. Qg3 Qf5 43.
Qg2 Raf7 44. Rd1 Qc5 45. Kh1 1-0

[Event "*** SCC Grand Prix: Titled Tuesday Blitz"]
[Site "Chess.com"]
[Date "2020.10.06"]
[Round "6"]
[White "slavenok"]
[Black "Chessdreamer2020"]
[Result "0-1"]
[WhiteElo "2717"]
[BlackElo "2474"]
[TimeControl "180+1"]
[EndTime "11:08:33 PDT"]
[Termination "Chessdreamer2020 won by resignation"]

1. e4 d6 2. d4 Nf6 3. Bd3 e5 4.
Ne2 Nc6 5. c3 d5 6. dxe5 Nxe5 7.
Bc2 Nxe4 8. O-O Bc5 9. Bf4 Ng6 10. Bxe4 Nxf4 11. Nxf4 dxe4 12. Qa4+ c6 13. Qxe4+ Qe7 14. Qf3 O-O 15. Nd2 Re8 16. Nb3 Bb6 17. h3 Qf6 18.
Rfe1 Bd7 19. Rad1 Rxe1+ 20. Rxe1 Re8 21. Rd1 Bc8 22. Nd4 Bc7 23. Nh5 Qxf3 24. Nxf3 Be6 25. b3 Bd5 26. Ng3 Kf8 27. c4 Bxf3 28. gxf3 Rd8 29.
Re1 Rd2 30. Nf5 g6 31. Ng3 Rxa2 32. Ne4 Rb2 33. Re3 b6 34. Rd3 Ke7 35. Ng5 Bf4 36.
Nxh7 a5 37. Rd4 Bh6 38. Rd3 b5 39. cxb5 cxb5 40. h4 a4 41. bxa4 bxa4 42. Ng5 Rb3 43. Rd5 a3 44. Ra5 Bxg5 45. hxg5 Rxf3 46. Kg2 Rb3 47.
Ra7+ Ke6 48. Ra5 Rc3 49. f3 Rc2+ 50. Kg3 a2 51. Kf4 Kd6 52. Ra6+ Kd5 53. Ra8 Kd4 54.
Kg3 Kc3 55. Rc8+ Kb2 56. Rb8+ Kc1 57. Ra8 Kb1 58. Rb8+ Rb2 59. Ra8 a1=Q 60. Rxa1+ Kxa1 61. Kf4 Rb5 0-1

[Event "*** SCC Grand Prix: Titled Tuesday Blitz"]
[Site "Chess.com"]
[Date "2020.10.06"]
[Round "6"]
[White "AsaHoffmann"]
[Black "TrickyFortem"]
[Result "0-1"]
[WhiteElo "2336"]
[BlackElo "2467"]
[TimeControl "180+1"]
[EndTime "11:08:33 PDT"]
[Termination "TrickyFortem won on time"]

1. d4 f5 2. Nc3 d5 3. f3 Nf6 4. Bg5 Nc6 5. e4 dxe4 6. d5 Ne5 7. fxe4 g6 8. Qd4 Nf7 9. Bxf6 exf6 10. exf5 Bxf5 11.
O-O-O Bh6+ 12. Kb1 O-O 13. Nf3 Re8 14. Bd3 Be3 15. Qb4 a5 16. Qa4 Bd7 17. Bb5 Bxb5 18. Qxb5 Nd6 19. Qd3 b5 20. h4 b4 21. Nb5 Ne4 22.
Qc4 Nd6 23. Nxd6 cxd6 24. h5 g5 25. h6 Rc8 26. Qd3 Qd7 27. Nd4 Bxd4 28. Qxd4 Qf5 29. Rc1 Rc7 30. Rhf1 Qe5 31. Qb6 Rec8 32. Qxa5 Kf7 33.
Qxb4 Qxd5 34. Rfd1 Qxg2 35. Qxd6 Kg6 36. Qd3+ f5 37.
Qd6+ Kf7 38. c3 Qe4+ 39. Ka1 Qe6 40. Qd4 Kg6 41. Re1 Qc6 42. Rg1 g4 43. Qf4 Ra7 44. Rxg4+ fxg4 45. Qxg4+ Kf6 46. Rf1+ Ke7 47. Qg7+ Kd6 48.
Qxa7 Qc4 49. Qd4+ Qxd4 50. cxd4 Rc2 51. Kb1 Rh2 52. a4 Rxh6 53. a5 Kd5 54. Rd1 Ra6 55. b4 Kc4 56. d5 Rd6 0-1

[Event "*** SCC Grand Prix: Titled Tuesday Blitz"]
[Site "Chess.com"]
[Date "2020.10.06"]
[Round "6"]
[White "kidagent"]
[Black "chessmadara"]
[Result "1-0"]
[WhiteElo "2286"]
[BlackElo "2105"]
[TimeControl "180+1"]
[EndTime "11:08:33 PDT"]
[Termination "kidagent won by resignation"]

1. e4 c5 2. Nf3 Nc6 3. d4 cxd4 4. Nxd4 g6 5. Nc3 Bg7 6. Be3 Nf6 7. Be2 O-O 8. Nb3 d6 9. O-O Be6 10. f4 Qc8 11. h3 Rd8 12. g4 d5 13. e5 d4 14. Nxd4 Nxd4 15. Bxd4 Nd5 16. Nxd5 Bxd5 17. c3 h5 18. Qe1 hxg4 19. hxg4 Bc4 20. b3 Bd5 21. Qf2 Qc6 22. Rae1 b5 23. f5 b4 24. cxb4 Rac8 25. Bxa7 Bxe5 26. Bc5 Bf6 27. Bf3 Bxf3 28.
Qxf3 Qb5 29. a4 Qb8 30. fxg6 fxg6 31. Bxe7 Qa7+ 32. Bc5 Rxc5 33. bxc5 Qxc5+ 34. Kg2 Qg5 35. Re2 Bg7 36. Rfe1 Rf8 37. Qe4 Rf4 38. Qe6+ Kh7 39.
Rh1+ Bh6 40. Qd7+ Kg8 41. Re8+ Rf8 42. Qe6+ Kg7 43. Rxf8 Kxf8 44. Rf1+ Kg7 45. Rf7+ 1-0

[Event "*** SCC Grand Prix: Titled Tuesday Blitz"]
[Site "Chess.com"]
[Date "2020.10.06"]
[Round "6"]
[White "ehrenfeld"]
[Black "grzechu96"]
[Result "0-1"]
[WhiteElo "2511"]
[BlackElo "2688"]
[TimeControl "180+1"]
[EndTime "11:08:34 PDT"]
[Termination "grzechu96 won on time"]

1. e4 c5 2. Nc3 a6 3. f4 b5 4. g3 Bb7 5. Bg2 e6 6. d3 d5 7. f5 d4 8. fxe6 fxe6 9. Nce2 e5 10. Nf3 Nd7 11. O-O Ngf6 12. c3 Bd6 13. cxd4 cxd4 14. a4 b4 15. Bd2 a5 16. h3 O-O 17. g4 Ba6 18. Bg5 Nc5 19. Ne1 Be7 20. Ng3 g6 21. Bh6 Rf7 22. g5 Nfd7 23. Rxf7 Kxf7 24. h4 Bf8 25. Bxf8 Qxf8 26. Bh3 Kg8 27. Rc1 Qf4 28. Kg2 Rf8 29. Rc2 Qxh4 30. Qc1 Nxd3 31. Nxd3 Bxd3 32. Bxd7 Bxc2 33. Qxc2 Qxg5 34. Be6+ Kh8 35. b3 Qf6 36.
Qc6 d3 37. Qd5 d2 38. Bg4 Qf2+ 39. Kh3 Qd4 0-1

[Event "*** SCC Grand Prix: Titled Tuesday Blitz"]
[Site "Chess.com"]
[Date "2020.10.06"]
[Round "6"]
[White "louis198"]
[Black "Rogarcia1"]
[Result "1-0"]
[WhiteElo "2574"]
[BlackElo "2183"]
[TimeControl "180+1"]
[EndTime "11:08:34 PDT"]
[Termination "louis198 won by resignation"]

1. d4 d5 2. c4 c6 3. Nc3 Nf6 4.
Nf3 e6 5. Bg5 Nbd7 6. e3 Be7 7.
cxd5 exd5 8. Qc2 Nf8 9. Bd3 Ne6 10. Bh4 g6 11. Ne5 Ng7 12. h3 Bf5 13. g4 Bxd3 14. Qxd3 O-O 15. f4 Ne4 16. Bxe7 Qxe7 17. h4 f6 18. Nxe4 fxe5 19. Ng5 exf4 20. e4 dxe4 21.
Qb3+ Kh8 22. Rc1 e3 23. Rc5 f3 24. Re5 f2+ 25. Ke2 Qd7 26. Qxe3 Qxg4+ 27. Nf3 Nh5 28. Rxh5 Qxh5 29. Kxf2 Rae8 30. Qc3 Qd5 31. Rh3 Rf4 32. Kg1 Ref8 33. Kg2 Qe4 34. Kf2 Re8 35. Qd2 Ref8 36. Qc3 Kg8 37. h5 g5 38. Qb3+ Kh8 39.
Rg3 g4 40. Qb4 Rxf3+ 41. Rxf3 Rxf3+ 42. Kg1 Rg3+ 43. Kf2 Qf3+ 44. Ke1 Qe3+ 45. Kd1 Qd3+ 46.
Ke1 Rg1+ 47. Kf2 Qg3+ 48. Ke2 Re1+ 49. Qxe1 Qxe1+ 50. Kxe1 Kg7 51. Kf2 Kh6 52. Kg3 Kxh5 53. b4 Kg5 54. b5 h5 55. a4 h4+ 56. Kg2 Kf4 57. a5 Ke4 58. a6 bxa6 59. bxc6 Kxd4 60.
c7 h3+ 61. Kg3 a5 62. c8=Q a4 63. Qxg4+ Kc3 64. Qxa4 a5 65. Qxa5+ Kb2 66. Qd2+ 1-0

[Event "*** SCC Grand Prix: Titled Tuesday Blitz"]
[Site "Chess.com"]
[Date "2020.10.06"]
[Round "6"]
[White "blitzking1729"]
[Black "lucachess49"]
[Result "1-0"]
[WhiteElo "2545"]
[BlackElo "2397"]
[TimeControl "180+1"]
[EndTime "11:08:34 PDT"]
[Termination "blitzking1729 won by resignation"]

1. d4 Nf6 2. Bg5 c5 3. Nc3 cxd4 4. Qxd4 Nc6 5. Qh4 e6 6. O-O-O Be7 7. e4 h6 8. f4 Qb6 9. e5 Ng8 10. Bxe7 Ngxe7 11.
Bd3 Nb4 12. Nf3 Nbd5 13. Ne4 Nf5 14. Qe1 h5 15. g3 O-O 16. h3 Nb4 17. g4 Ne3 18.
Rd2 Nxa2+ 19. Kb1 Nb4 20. gxh5 Qa5 21. Nc3 Ned5 22. Bc4 Nxc3+ 23. bxc3 Na6 24. Rd6 Nc5 25. Rg1 Na4 26. Rd3 d5 27. Qg3 g6 28. hxg6 f5 29.
Qh4 Qc7 30. g7 Qxg7 31. Rxg7+ Kxg7 32. Bb3 Nc5 33. Rd1 Kf7 34. Rg1 Ke8 35. Nd4 Ne4 36.
Nb5 Kd7 37. Rg7+ Kc6 38. Qe7 Kxb5 39. Qb4+ Ka6 40. Qxf8 Nxc3+ 41. Kb2 Nb5 42. Qb4 Nd4 1-0

[Event "*** SCC Grand Prix: Titled Tuesday Blitz"]
[Site "Chess.com"]
[Date "2020.10.06"]
[Round "6"]
[White "Konavets"]
[Black "Alexander_Donchenko"]
[Result "1-0"]
[WhiteElo "3001"]
[BlackElo "2764"]
[TimeControl "180+1"]
[EndTime "11:08:35 PDT"]
[Termination "Konavets won by resignation"]

1. c4 b6 2. Nc3 Bb7 3. e4 e6 4. Nf3 Bb4 5. Bd3 Nf6 6. e5 Ng4 7. O-O Nc6 8. Be4 f5 9. Bxc6 Bxc6 10. d4 O-O 11. h3 Nh6 12. d5 Bb7 13. Bg5 Qe8 14.
Nb5 Qc8 15. a3 a6 16. Nbd4 Bc5 17. b4 Bxd4 18. Qxd4 Nf7 19. Be3 Kh8 20. Rac1 Qe8 21. Rfd1 a5 22. b5 Rc8 23. a4 Rg8 24. dxe6 dxe6 25.
c5 Bd5 26. cxb6 cxb6 27. Nh2 g5 28. Qxb6 Rxc1 29. Bxc1 g4 30. Rxd5 exd5 31. Qf6+ Rg7 32. e6 Ng5 33. Bb2 Nxe6 34. Qxf5 d4 35. Nxg4 Qg6 36.
Qe5 Qb1+ 37. Kh2 Qxb2 38. Qxe6 d3 39. Nf6 Rg6 40. Qe8+ Kg7 41. Qe7+ Kh6 42. Qxh7+ Kg5 43. Ne4+ Kf5 44. Qh5+ Kxe4 45. Qxg6+ Ke5 46. Qg7+ 1-0

[Event "*** SCC Grand Prix: Titled Tuesday Blitz"]
[Site "Chess.com"]
[Date "2020.10.06"]
[Round "6"]
[White "Bulldog167"]
[Black "Sashadav97"]
[Result "1-0"]
[WhiteElo "2783"]
[BlackElo "2600"]
[TimeControl "180+1"]
[EndTime "11:08:35 PDT"]
[Termination "Bulldog167 won by resignation"]

1. d4 d5 2. c4 e6 3. Nc3 Nf6 4.
Nf3 dxc4 5. e4 Bb4 6. Bg5 b5 7. a4 c5 8. axb5 cxd4 9. Bxf6 Qxf6 10. Qxd4 Qxd4 11. Nxd4 Bb7 12. f3 O-O 13. Nc2 Bc5 14.
Bxc4 Nd7 15. Ke2 Ne5 16. b3 Rfc8 17. Rhc1 g5 18. Na4 Be7 19. Ne3 Kf8 20. b6 a6 21.
Kf2 Bd6 22. Be2 Ke7 23. Nc4 Nxc4 24. bxc4 Be5 25. Rab1 Rd8 26. c5 Rac8 27. Kf1 g4 28.
Nb2 gxf3 29. gxf3 Bxh2 30. Nd3 a5 31. Ra1 Ba6 32. Nf2 Bb7 33. Rxa5 Rg8 34. Ng4 Bf4 35. Ra7 Rb8 36. Rd1 h5 37. c6 hxg4 38. Rd7+ Kf6 39.
Raxb7 Rxb7 40. Rxb7 gxf3 41. Bxf3 Be3 42. c7 Ke5 43.
Rb8 Rg3 44. c8=Q Kf4 45. Bg2 1-0

[Event "*** SCC Grand Prix: Titled Tuesday Blitz"]
[Site "Chess.com"]
[Date "2020.10.06"]
[Round "6"]
[White "Angel_Hranitel_37"]
[Black "sokidze"]
[Result "1-0"]
[WhiteElo "2548"]
[BlackElo "2686"]
[TimeControl "180+1"]
[EndTime "11:08:35 PDT"]
[Termination "Angel_Hranitel_37 won by resignation"]

1. d4 Nf6 2. Nf3 e6 3. c4 b6 4.
g3 c6 5. Bg2 Be7 6. O-O O-O 7.
Nc3 d5 8. b3 a5 9. Qc2 Ba6 10.
Na4 Nbd7 11. Rd1 Rc8 12. c5 bxc5 13. Nxc5 Nxc5 14. dxc5 Ne4 15. Ne5 Nxc5 16. Ba3 Nb7 17. Bb2 Qc7 18. Ng4 f6 19. e4 Kh8 20. Qd2 Nc5 21.
Rac1 Nxe4 22. Bxe4 dxe4 23. Qd7 Qxd7 24. Rxd7 Rfe8 25. Ne3 Kg8 26. Nc4 Bxc4 27. Rxc4 f5 28. Ra7 Kf8 29. Ra4 Red8 30. R4xa5 Rd1+ 31. Kg2 Re8 32. Rc7 Rd2 33. Be5 Bc5 34. Rxc5 Rd5 35. Rxd5 exd5 36.
Bxg7+ Kg8 37. Bd4 Ra8 38. Rg7+ Kf8 39. Ra7 Rb8 40. Rxh7 Kg8 41. Rh8+ 1-0

[Event "*** SCC Grand Prix: Titled Tuesday Blitz"]
[Site "Chess.com"]
[Date "2020.10.06"]
[Round "6"]
[White "rugbyclub"]
[Black "Snegokhod"]
[Result "0-1"]
[WhiteElo "2179"]
[BlackElo "2395"]
[TimeControl "180+1"]
[EndTime "11:08:35 PDT"]
[Termination "Snegokhod won by resignation"]

1. c4 Nf6 2. Nc3 d5 3. cxd5 Nxd5 4. Nf3 g6 5. h4 Bg7 6. e4 Nxc3 7. dxc3 Qxd1+ 8. Kxd1 Bg4 9. Be2 Nc6 10. Nd2 Bd7 11. Kc2 h5 12. b4 a5 13. b5 Ne5 14.
a4 c6 15. Nc4 Nxc4 16. Bxc4 cxb5 17. Bxb5 Bxb5 18. axb5 Kd7 19. Be3 Rhc8 20. Ra3 Rc4 21. Kd3 Rac8 22. Rxa5 Rxc3+ 23. Ke2 Rc2+ 24. Kf3 Rb2 25.
Rd1+ Ke6 26. b6 Rc3 27. g3 Bh6 28. Rdd5 Bxe3 29. fxe3 Rcc2 30. e5 Rf2+ 31. Ke4 Rxb6 32. Rdb5 Rxb5 33. Rxb5 Rf5 34. Kd4 Rf3 35. Rxb7 Rxg3 36.
Rb6+ Kd7 37. Rb7+ Kd8 38. Rb8+ Kc7 39. Rf8 Rf3 40. e4 Kd7 41. Kd5 Rf1 42. Kd4 Ke6 43. Ra8 Rd1+ 44. Ke3 Kxe5 45. Ra6 Rh1 46. Ra5+ Kf6 47.
Ra6+ Kg7 48. Ra7 e6 0-1

[Event "*** SCC Grand Prix: Titled Tuesday Blitz"]
[Site "Chess.com"]
[Date "2020.10.06"]
[Round "6"]
[White "esrosenberg"]
[Black "MikeSailer"]
[Result "0-1"]
[WhiteElo "2287"]
[BlackElo "2094"]
[TimeControl "180+1"]
[EndTime "11:08:35 PDT"]
[Termination "MikeSailer won on time"]

1. Nf3 d5 2. c4 c6 3. d4 Nf6 4.
Nc3 a6 5. Ne5 Bf5 6. Qb3 Ra7 7.
Bg5 e6 8. e3 Be7 9. Be2 O-O 10.
O-O Nbd7 11. Rad1 Nxe5 12. dxe5 Nd7 13. Bxe7 Qxe7 14. cxd5 cxd5 15. f4 b5 16. Bf3 Rb7 17. Ne2 Nc5 18. Qb4 Nd3 19. Qxe7 Rxe7 20. Nd4 Be4 21.
Bxe4 dxe4 22. Rd2 Rc8 23. g4 Rec7 24. Ne2 Rc2 25. Rfd1 f5 26. exf6 gxf6 27. Nc3 f5 28.
Rxc2 b4 29. Rg2 bxc3 30. gxf5+ Kf7 31. fxe6+ Kxe6 32. bxc3 Rxc3 33. Rb1 Kd5 34. h4 Kc4 35. Rg7 Nc5 36. Rxh7 Rxe3 37. Rc1+ Kd4 38. Rd1+ Nd3 39.
Rd7+ Kc3 40. f5 Rf3 41. Rf7 e3 0-1

[Event "*** SCC Grand Prix: Titled Tuesday Blitz"]
[Site "Chess.com"]
[Date "2020.10.06"]
[Round "6"]
[White "Igor_Bitensky"]
[Black "WPWPWP-2015"]
[Result "0-1"]
[WhiteElo "2319"]
[BlackElo "2452"]
[TimeControl "180+1"]
[EndTime "11:08:37 PDT"]
[Termination "WPWPWP-2015 won on time"]

1. Nf3 Nf6 2. g3 d5 3. Bg2 Bg4 4. O-O c6 5. d3 Nbd7 6. Nbd2 e6 7. h3 Bh5 8. e4 Bc5 9. Qe1 dxe4 10. dxe4 O-O 11. e5 Nd5 12. Ne4 Be7 13. c4 Nb4 14. g4 Bg6 15. Qe2 Nc5 16. Rd1 Qa5 17. Nxc5 Bxc5 18.
Nh4 Bc2 19. Rd2 Rad8 20. a3 Nd3 21. Rxc2 Bxf2+ 22. Qxf2 Nxf2 23. Rxf2 Qe1+ 24. Bf1 Rd1 25. Nf3 Qe4 26. b4 h6 27. Bb2 Rfd8 28. Rxd1 Rxd1 29.
Kg2 Qb1 30. Be2 Rd7 31. Bd4 b6 32. c5 Qe4 33. cxb6 Rxd4 34. bxa7 Rd8 35. Ba6 Qe3 36. Re2 Qxa7 37. b5 cxb5 38. Bxb5 Qxa3 39. Bc4 Qc3 40.
Bb5 Rb8 41. Bd7 h5 42. gxh5 Qd3 43. Bc6 Qxe2+ 0-1

[Event "*** SCC Grand Prix: Titled Tuesday Blitz"]
[Site "Chess.com"]
[Date "2020.10.06"]
[Round "6"]
[White "PauloCesarCosta_sad"]
[Black "Rital44"]
[Result "0-1"]
[WhiteElo "2286"]
[BlackElo "2432"]
[TimeControl "180+1"]
[EndTime "11:08:38 PDT"]
[Termination "Rital44 won on time"]

1. Nf3 Nf6 2. c4 g6 3. g3 Bh6 4. Bg2 O-O 5. O-O d6 6. Nc3 e5 7. d4 Bxc1 8. Rxc1 exd4 9. Qxd4 Nc6 10. Qh4 Be6 11. b3 Nd7 12. Qxd8 Rfxd8 13. Ng5 a5 14. Nb5 Rdc8 15. Nxe6 fxe6 16. Bxc6 bxc6 17. Nd4 e5 18. Nxc6 Kf7 19. b4 axb4 20. Nxb4 Nc5 21. Rc2 Ra4 22.
Nd5 Ne6 23. e3 Rca8 24. Ra1 R8a6 25. Kf1 c6 26. Nc3 Rxc4 27. Ke1 Ra3 28. Rac1 Nc5 29.
Kd2 Rcxc3 30. Rxc3 Rxa2+ 31. R3c2 Nb3+ 32. Kd1 Nxc1 33. Kxc1 Rxc2+ 34. Kxc2 e4 35. Kc3 d5 36. Kd4 Ke6 37. Kc5 Kd7 38. h3 h5 39. h4 Kc7 40.
Kd4 Kd6 41. Kc3 c5 42. Kb3 Ke5 43. Kc3 d4+ 44. exd4+ cxd4+ 45. Kd2 Kf5 46. Ke2 Kg4 47. Kd2 Kf3 48. Ke1 d3 49. Kd1 Kxf2 50. Kd2 Kxg3 51.
Ke1 Kxh4 52. Kd2 Kg4 53. Ke3 Kf5 54. Kd2 Kf4 55. Ke1 e3 56. Kd1 h4 57. Ke1 g5 58. Kd1 h3 59. Kc1 g4 60. Kb2 g3 61.
Kb3 Ke4 62. Kb4 h2 63. Kb5 g2 64. Kb6 e2 65. Kc7 d2 66. Kc8 d1=Q 67. Kc7 e1=Q 68. Kc8 Qc3+ 69. Kb7 Qb1+ 0-1

[Event "*** SCC Grand Prix: Titled Tuesday Blitz"]
[Site "Chess.com"]
[Date "2020.10.06"]
[Round "6"]
[White "renehp"]
[Black "nurgyulsalimova"]
[Result "0-1"]
[WhiteElo "2468"]
[BlackElo "2613"]
[TimeControl "180+1"]
[EndTime "11:08:39 PDT"]
[Termination "nurgyulsalimova won by resignation"]

1. e4 g6 2. d4 Bg7 3. Nc3 c6 4.
Nf3 d5 5. h3 dxe4 6. Nxe4 Nf6 7.
Nxf6+ exf6 8. Bd3 O-O 9. O-O Qc7 10. Be3 Be6 11. Re1 Nd7 12. c4 Nb6 13. Rc1 Rad8 14. Qd2 Rfe8 15. Bf4 Qc8 16. b3 Bf5 17. Rcd1 Bf8 18. Bg3 Bxd3 19. Qxd3 Rxe1+ 20. Rxe1 Re8 21. Rxe8 Qxe8 22. d5 cxd5 23. cxd5 Qd7 24. d6 Nc8 25. Qd4 Bxd6 26. Qxf6 Bxg3 27. fxg3 Qe7 28. Qf4 Nd6 29.
Ne5 h5 30. g4 hxg4 31. Nxg4 Qe1+ 32. Kh2 Qe6 33. Qd4 Nf5 34. Qf4 Kg7 35. Qf2 Qd6+ 36.
Kh1 a6 37. Qb2+ Kg8 38. Nf6+ Kf8 39. Nh7+ Ke7 40. Ng5 Ng3+ 41. Kg1 Qc5+ 42. Kh2 Qxg5 43. Qd4 Nf1+ 44. Kg1 Qe3+ 45. Qxe3+ Nxe3 46. Kf2 Nd1+ 0-1

[Event "*** SCC Grand Prix: Titled Tuesday Blitz"]
[Site "Chess.com"]
[Date "2020.10.06"]
[Round "6"]
[White "vladgoncharov"]
[Black "Sueetin"]
[Result "1-0"]
[WhiteElo "2437"]
[BlackElo "2298"]
[TimeControl "180+1"]
[EndTime "11:08:40 PDT"]
[Termination "vladgoncharov won by checkmate"]

1. d4 Nf6 2. c4 e6 3. Nf3 d5 4. Nc3 Bb4 5. Bg5 Nbd7 6. e3 c5 7.
Nd2 cxd4 8. exd4 dxc4 9. Nxc4 b5 10. Ne3 a6 11. Bd3 Bb7 12. O-O Be7 13. a4 b4 14. Ne2 O-O 15. a5 Nd5 16. Bxe7 Qxe7 17. Rc1 Nxe3 18. fxe3 Qg5 19. Nf4 e5 20. Rc7 exf4 21.
Rxb7 Nf6 22. Rxf4 Nd5 23. Rf3 Rab8 24. Rxb8 Rxb8 25. e4 Nf4 26. Bf1 Rd8 27. d5 f5 28.
g3 Ng6 29. Rxf5 Qe3+ 30. Rf2 Qxe4 31. Bg2 Qe3 32. Qd2 Qc5 33. Qe2 Rf8 34. Kf1 Rxf2+ 35. Qxf2 Qc1+ 36. Qe1 Qc4+ 37. Kg1 Qd4+ 38. Kh1 Ne5 39.
h3 h6 40. Qe4 Qd1+ 41. Kh2 Nd3 42. Qe6+ Kh7 43. Qe7 Kg6 44. Be4+ Kh5 45. Qh4# 1-0

[Event "*** SCC Grand Prix: Titled Tuesday Blitz"]
[Site "Chess.com"]
[Date "2020.10.06"]
[Round "6"]
[White "731291"]
[Black "vanyakuba"]
[Result "1-0"]
[WhiteElo "2656"]
[BlackElo "2486"]
[TimeControl "180+1"]
[EndTime "11:08:42 PDT"]
[Termination "731291 won by checkmate"]

1. e4 d5 2. Nc3 dxe4 3. Nxe4 Qd5 4. Nc3 Qa5 5. Bc4 Nf6 6. d3 Bg4 7. f3 Bd7 8. Ne2 Qb6 9. Ng3 e6 10. Qe2 Nc6 11. Nb5 a6 12. Be3 Qa5+ 13. Nc3 Bb4 14. O-O Bxc3 15. bxc3 Qxc3 16. Ne4 Qe5 17. f4 Qf5 18. Ng3 Qg4 19. Qf2 Ne7 20. Bc5 Ned5 21. Rae1 O-O-O 22. Rb1 Bc6 23. Ne2 Qh5 24. Nd4 Ng4 25.
Qg3 Ndf6 26. Ba7 Bd5 27. h3 Nh6 28. Qg5 Bxc4 29. dxc4 Qg6 30. Nc6 Rd6 31. Ne7+ Kd7 32. Nxg6 hxg6 33. Rxb7 Nf5 34. c5 Rd5 35. c4 Rd2 36. Bb6 Ne4 37. Rxc7+ Ke8 38. Rc8+ Kd7 39. Rd8+ Kc6 40. Rxd2 Nxd2 41. Qg4 Nxf1 42. Qf3+ Kd7 43.
Qb7+ Ke8 44. Qc8+ Ke7 45. Qxh8 N1e3 46. Qd8# 1-0

[Event "*** SCC Grand Prix: Titled Tuesday Blitz"]
[Site "Chess.com"]
[Date "2020.10.06"]
[Round "6"]
[White "GlennTipton"]
[Black "ChessAurochs"]
[Result "0-1"]
[WhiteElo "2440"]
[BlackElo "2559"]
[TimeControl "180+1"]
[EndTime "11:08:42 PDT"]
[Termination "ChessAurochs won by resignation"]

1. e4 e6 2. b3 d5 3. Bb2 dxe4 4. Nc3 Nf6 5. Qe2 Nc6 6. Nxe4 Be7 7. Nf3 O-O 8. O-O-O a5 9. a3 b6 10. Nxf6+ Bxf6 11. Bxf6 Qxf6 12. d4 Bb7 13. Qe3 Rad8 14. Bd3 g6 15. Be4 Rd6 16. h4 Rfd8 17. c3 Ba6 18. h5 Ne7 19. hxg6 hxg6 20. Rh4 c5 21. Rdh1 Kf8 22.
Rf4 Nf5 23. Bxf5 exf5 24. Rfh4 Re6 25. Qf4 Rdd6 26. dxc5 bxc5 27. Rh8+ Ke7 28. Qg5 Be2 29. Qxf6+ Kxf6 30. Re1 Rd3 31. Kc2 Rdd6 32. Rb8 Bd3+ 33. Kd2 Be4+ 34. Kc1 Rd3 35. Nd2 Rxc3+ 36. Kd1 Bc2+ 37.
Kc1 Rxe1+ 38. Kb2 Rd3 39. Kxc2 Rd6 40. Nc4 Re2+ 41. Kc3 Rde6 42. Ne3 Rxf2 43. Nd5+ Ke5 44. Kc4 Rc2+ 45. Nc3 Rxg2 46. Rc8 Rg4+ 47. Kb5 Kf6 48. Rxc5 Re5 49. Nd5+ Ke6 50. Nc3 Rxc5+ 51. Kxc5 f4 52. Nb5 f3 53. Nd4+ Rxd4 54. Kxd4 f2 55. Ke3 f1=Q 0-1

[Event "*** SCC Grand Prix: Titled Tuesday Blitz"]
[Site "Chess.com"]
[Date "2020.10.06"]
[Round "6"]
[White "Andreikka"]
[Black "severomorskij"]
[Result "0-1"]
[WhiteElo "2888"]
[BlackElo "2788"]
[TimeControl "180+1"]
[EndTime "11:08:44 PDT"]
[Termination "severomorskij won by checkmate"]

1. c4 e5 2. Nc3 Bb4 3. Nd5 Bc5 4. e3 Nf6 5. b4 Nxd5 6. bxc5 Nf6 7. Nf3 Qe7 8. Bb2 e4 9. Nd4 Qxc5 10. f3 O-O 11.
fxe4 Nxe4 12. Bd3 Nd6 13. O-O Na6 14. Nf5 Nxf5 15. Rxf5 Qb6 16. Bd4 c5 17. Bc3 d5 18.
Rxd5 Nb4 19. Qh5 Nxd3 20. Rxd3 Qg6 21. Qxg6 hxg6 22. Rd6 Be6 23. d4 cxd4 24. Bxd4 Bxc4 25.
a4 b6 26. a5 bxa5 27. Rxa5 a6 28. h4 Rfd8 29. Rc6 Rdc8 30. Rd6 Bb5 31. Kh2 Rc2 32.
Kh3 Rac8 33. Ra3 Re2 34. g4 Kh7 35. h5 gxh5 36. gxh5 Rc1 37. Kg3 Rf1 38. Ra5 Ref2 39.
h6 gxh6 40. Rd8 Rf3+ 41. Kg2 R3f2+ 42. Kg3 Rf3+ 43. Kg2 Bc6 44. Rxa6 R3f2+ 45. Kg3 Rg2+ 46. Kh4 Rh1# 0-1

[Event "*** SCC Grand Prix: Titled Tuesday Blitz"]
[Site "Chess.com"]
[Date "2020.10.06"]
[Round "6"]
[White "Onischuk_V"]
[Black "Leonid_Starozhilov"]
[Result "0-1"]
[WhiteElo "2850"]
[BlackElo "2699"]
[TimeControl "180+1"]
[EndTime "11:08:44 PDT"]
[Termination "Leonid_Starozhilov won on time"]

1. e4 d6 2. d4 Nf6 3. Nc3 e5 4. Nf3 Nbd7 5. g3 c6 6. Bg2 b5 7. O-O b4 8. Ne2 Nxe4 9. Nxe5 Nxe5 10. dxe5 d5 11. Nd4 Qb6 12. Be3 Bc5 13. e6 O-O 14.
Re1 Bxe6 15. Nxe6 Bxe3 16. Rxe3 Nxf2 17. Kxf2 fxe6+ 18. Ke2 e5 19. Qd2 e4 20. Rf1 Qa6+ 21. Ke1 Qxa2 22. b3 Qa1+ 23. Qd1 Qe5 24. Qd2 a5 25. Rxf8+ Rxf8 26. Re2 Rf6 27. Qe3 Qa1+ 28. Kd2 Qe5 29. Qc5 Re6 30. Qe3 h6 31. Kc1 Qa1+ 32. Kd2 Qe5 33. Kc1 Rf6 34. Kd2 a4 35. bxa4 Qb2 36.
Qc5 b3 37. Qc3 Qa2 38. Qxb3 Qa1 39. Qc3 Qg1 40. Qe3 Qa1 41. Qc3 Qxa4 42. Qb3 Qa7 43. Qc3 Kh8 44. Qe3 Qf7 0-1

[Event "*** SCC Grand Prix: Titled Tuesday Blitz"]
[Site "Chess.com"]
[Date "2020.10.06"]
[Round "6"]
[White "GiantThresher"]
[Black "KarstenHansch"]
[Result "1-0"]
[WhiteElo "2795"]
[BlackElo "2500"]
[TimeControl "180+1"]
[EndTime "11:08:44 PDT"]
[Termination "GiantThresher won by resignation"]

1. e4 c6 2. d4 d5 3. e5 Bf5 4.
h4 h5 5. Bd3 Bxd3 6. Qxd3 Qa5+ 7. Nd2 e6 8. Nf3 Ne7 9. O-O Nf5 10. c4 Be7 11. g3 O-O 12. b3 Rd8 13. Bb2 c5 14.
Qe2 cxd4 15. Nxd4 Nxd4 16. Bxd4 Nc6 17. Bb2 g6 18. cxd5 Rxd5 19. Nc4 Qa6 20. Qe4 Rad8 21. Ne3 Rd2 22. Nc4 R2d5 23. Rfe1 Nb4 24. Re2 Nd3 25.
Bc3 Nc5 26. Qf4 Nd3 27. Qf3 R5d7 28. Rd2 Bc5 29. Kg2 b5 30. Nd6 Bxd6 31. exd6 Qxd6 32. Rxd3 Qxd3 33. Qf6 Qd5+ 34. Kh2 Kf8 35. Qh8+ Ke7 36.
Bf6+ Kd6 37. Bxd8 Qf3 38. Qf6 Qxf6 39. Bxf6 Kc5 40. Rc1+ Kb4 41. Rc2 a5 42. Bc3+ Ka3 43. Bxa5 b4 44. Bb6 e5 45. Be3 Rd1 46. Bc1+ Rxc1 47.
Rxc1 Kxa2 48. Rc7 Kxb3 49. Rxf7 Kc2 50. Rf6 b3 51. Rxg6 b2 52. Rc6+ Kd2 53. Rb6 Kc2 54.
g4 1-0

[Event "*** SCC Grand Prix: Titled Tuesday Blitz"]
[Site "Chess.com"]
[Date "2020.10.06"]
[Round "6"]
[White "banane_verte"]
[Black "tdf98pantani"]
[Result "0-1"]
[WhiteElo "2458"]
[BlackElo "2725"]
[TimeControl "180+1"]
[EndTime "11:08:44 PDT"]
[Termination "tdf98pantani won on time"]

1. e4 c6 2. d4 d5 3. Nc3 dxe4 4. Nxe4 Bf5 5. Ng3 Bg6 6. h4 h6 7. Nf3 Nd7 8. h5 Bh7 9. Bd3 Bxd3 10. Qxd3 e6 11. Bf4 Qa5+ 12. Bd2 Bb4 13. c3 Be7 14.
Ne4 Ngf6 15. c4 Qc7 16. O-O-O Rd8 17. Qe2 O-O 18. Kb1 Nxe4 19. Qxe4 Nf6 20. Qe2 c5 21.
Bc3 cxd4 22. Nxd4 Qf4 23. f3 Bc5 24. Nb3 Bb6 25. g4 Bc7 26. Nd4 a6 27. Ka1 Rfe8 28.
Rhe1 Bb6 29. Nc2 Rxd1+ 30. Rxd1 e5 31. Bd2 Qg3 32. Be3 Bxe3 33. Nxe3 e4 34. Rf1 exf3 35. Rxf3 Qg1+ 36. Qd1 Qxd1+ 37. Nxd1 Nxg4 38. Kb1 Re5 39. Nc3 Rxh5 40. b4 Ne5 41. Rf4 Nd3 42. Rd4 Nxb4 43.
Rd8+ Kh7 44. Rd7 b5 45. cxb5 axb5 46. Rxf7 Nd3 47. Rb7 b4 48. Ne2 Rh2 49. Nd4 Rb2+ 50. Ka1 Rf2 51. Kb1 h5 52. Nc6 h4 53. Nxb4 Rb2+ 54. Ka1 Rxb4 55. Rd7 Nf4 56. Rd2 h3 57. a3 Re4 58. Ka2 Re2 0-1